AoeStats
← JeGrandchamp

Arena

508019036Analyzed
1v1 RM · 12d ago on Sep 20, 2026· 35m 5s· 2 players
Game mode
Random Map
Map size
Tiny (2 player)
Population
200
Speed
Normal
Resources
Standard
Victory
Conquest
Starting age
Dark Age
Ending age
Imperial Age
RankedLock teamsTeams togetherTeam positionsShared explorationLock speedFull tech treeHidden civsTurbo modeCheats
Victory
Defeat
🇦🇷 Goths · Argentina
986
+15
🇨🇦 Malians · Canada
975
-15
JeGrandchamp
12:23 Feudal Age
14:26 Stone Mining
16:23 Loom
16:57 Fletching
19:20 Wheelbarrow
31:17 Castle Age
30:23 Bloodlines
30:45 Man-at-Arms
31:51 Scale Barding Armor
31:53 Long Swordsman
Godo Piquetero
0:30 Loom
10:14 Feudal Age
14:55 Man-at-Arms
17:16 Double-Bit Axe
18:49 Horse Collar
21:53 Wheelbarrow
23:50 Castle Age
22:35 Forging
22:26 Scale Mail Armor
24:38 Long Swordsman
26:32 Hand Cart
29:45 Pikeman
32:06 Heavy Plow
Connection lost

Rejoining the realm…

Still unreachable

The connection could not be restored.

Session expired

The server has moved on; the page needs a fresh start.